 Dungeon Crawl Stone Soup version 0.24.0-123-gd5b16e6ec5 (webtiles) character file.

Game seed: 2566506095101930213, levelgen mode: deterministic

341034 Requin the Hoplite (level 22, -4/202 HPs)
             Began as a Hill Orc Fighter on Dec 31, 2019.
             Was the Champion of Beogh.
             Splashed by a deep elf sorcerer's acid (15 damage)
             ... on level 1 of the Elven Halls on Jan 1, 2020.
             The game lasted 06:46:25 (49072 turns).

Requin the Hoplite (Hill Orc Fighter)              Turns: 49072, Time: 06:46:25

Health: -4/202     AC: 22    Str: 27    XL:     22   Next: 0%
Magic:  28/34      EV:  8    Int: 15    God:    Beogh [******]
Gold:   2732       SH: 37    Dex: 10    Spells: 21/21 levels left

rFire    . . .     SeeInvis +   N - +6 broad axe (freeze)
rCold    + . .     Gourm    .   h - +8 large shield {AC+3}
rNeg     + . .     Faith    .   v - +5 plate armour {rC+}
rPois    .         Spirit   .   (no helmet)
rElec    .         Reflect  +   u - scarf {repulsion}
rCorr    .         Harm     .   P - +0 pair of gloves
MR       +++..                  M - +1 pair of boots
Stlth    ..........             W - amulet "Forget-Me-Not" {Reflect +Blink +Inv +Fly rN+ SH+4}
HPRegen  0.43/turn              c - ring of Xug Cyh {MR+ Int+7 SInv Stlth+}
MPRegen  0.24/turn              K - ring of protection from magic

@: corroded, repel missiles
A: walk on water, weak 1, subdued magic 1
}: 2/15 runes: barnacled, gossamer
a: Smiting, Recall Orcish Followers, Give Item to Named Follower, Resurrection,
Renounce Religion, Evoke Blink, Evoke Invisibility, Evoke Flight


You were on level 1 of the Elven Halls.
You worshipped Beogh.
Beogh was exalted by your worship.
You were not hungry.

You visited 8 branches of the dungeon, and saw 37 of its levels.
You also visited: Sewer, Ice Cave, Volcano and Desolation.

You collected 3969 gold pieces.
You spent 1237 gold pieces at shops.

Inventory:

Hand Weapons
 H - the cursed +1 trident of the Ninety-Nine Gods {holy, +Fly rPois Int+3 Dex-4 SInv}
   (You found it in the Desolation of Salt)

   It has been blessed by the Shining One to cause great damage to the undead
   and demons.
   It affects your intelligence (+3).
   It affects your dexterity (-4).
   It protects you from poison.
   It lets you see invisible.
   It lets you fly.
   It has a curse placed upon it.
 N - a +6 broad axe of freezing (weapon)
Missiles
 Q - 79 silver javelins (quivered)
 R - 27 javelins
Armour
 d - a +0 large shield of fire resistance
 h - a +8 large shield of protection (worn)
 u - a scarf of repulsion (worn)
 v - a +5 plate armour of cold resistance (worn)
 M - a +1 pair of boots (worn)
 P - a +0 pair of gloves (worn)
Jewellery
 a - an uncursed ring of protection from fire
 b - an uncursed ring of protection from cold
 c - the ring of Xug Cyh (left hand) {MR+ Int+7 SInv Stlth+}
   (You found it in an ice cave)

   [ring of see invisible]

   It affects your intelligence (+7).
   It affects your resistance to hostile enchantments.
   It lets you see invisible.
   It makes you more stealthy.
 B - the ring of Nudez {rElec rF+ Str+5 Stlth-}
   (You bought it in a shop on level 2 of the Orcish Mines)

   [ring of protection from fire]

   It affects your strength (+5).
   It protects you from fire.
   It insulates you from electricity.
   It makes you less stealthy.
 K - a ring of protection from magic (right hand)
 U - the ring "Ysiveguc" {rPois rC+ Int+3 Dex-4 Slay+3}
   (You found it in the Desolation of Salt)

   [ring of protection from cold]

   It affects your intelligence (+3).
   It affects your dexterity (-4).
   It affects your accuracy and damage with ranged weapons and melee attacks
   (+3).
   It protects you from cold.
   It protects you from poison.
 W - the amulet "Forget-Me-Not" (around neck) {Reflect +Blink +Inv +Fly rN+ SH+4}
   (You found it in the Desolation of Salt)

   [amulet of reflection]

   It shields you and reflects attacks.
   It protects you from negative energy.
   It lets you turn invisible.
   It lets you fly.
   It lets you blink.
   It affects your SH (+4).
Wands
 q - a wand of flame (8)
 s - a wand of random effects (14)
 F - a wand of polymorph (7)
 J - a wand of acid (1)
 Y - a wand of digging (10)
 Z - a wand of disintegration (24)
Scrolls
 e - 8 scrolls of teleportation
 j - 4 scrolls of blinking
 k - 5 scrolls of fear
 l - 13 scrolls of remove curse
 n - 4 scrolls of identify
 y - 3 scrolls of magic mapping
 z - 5 scrolls of fog
 A - a scroll of enchant armour
 I - 2 scrolls of silence
Potions
 g - 6 potions of mutation
 i - 11 potions of curing
 m - 4 potions of resistance
 o - 5 potions of flight
 p - 6 potions of haste
 r - 7 potions of cancellation
 x - 7 potions of heal wounds
 C - 6 potions of might
 D - 3 potions of berserk rage
 G - 5 potions of agility
 L - 3 potions of ambrosia
 T - 2 potions of invisibility
Miscellaneous
 t - a lightning rod (4/4)
Comestibles
 f - 54 rations
 w - 3 chunks of flesh


   Skills:
 + Level 18.2 Fighting
 - Level 18.0 Axes
 + Level 16.9 Armour
 * Level 24.0 Shields
 + Level 16.6 Invocations
 + Level 9.2 Evocations


You had 21 spell levels left.
You didn't know any spells.
Your spell library contained the following spells:

 Spells                   Type           Power        Failure   Level  Hunger
 Animate Skeleton         Necr           N/A          83%         1    ##.....
 Apportation              Tloc           #.....       83%         1    ##.....
 Beastly Appendage        Tmut           #.....       83%         1    ##.....
 Corona                   Hex            #......      83%         1    ##.....
 Shock                    Conj/Air       #...         83%         1    ##.....
 Sting                    Conj/Pois      #...         83%         1    ##.....
 Summon Butterflies       Summ           #.......     83%         1    ##.....
 Call Imp                 Summ           #.......     93%         2    ###....
 Ensorcelled Hibernation  Hex/Ice        #.....       93%         2    ###....
 Passwall                 Tmut/Erth      #.......     93%         2    ###....
 Poisonous Vapours        Pois/Air       #.....       93%         2    ###....
 Slow                     Hex            #.......     93%         2    ###....
 Swiftness                Chrm/Air       #.......     93%         2    ###....
 Throw Frost              Conj/Ice       #.....       93%         2    ###....
 Call Canine Familiar     Summ           #.......     99%         3    ####...
 Confuse                  Hex            #.......     99%         3    ####...
 Conjure Flame            Conj/Fire      #.......     99%         3    ####...
 Dazzling Spray           Conj/Hex       #.....       99%         3    ####...
 Ignite Poison            Fire/Tmut/Pois #.......     99%         3    ####...
 Inner Flame              Hex/Fire       #.......     99%         3    ####...
 Lesser Beckoning         Tloc           #.........   99%         3    ####...
 Mephitic Cloud           Conj/Pois/Air  #.......     99%         3    ####...
 Portal Projectile        Hex/Tloc       #.....       99%         3    ####...
 Recall                   Summ/Tloc      N/A          99%         3    ####...
 Regeneration             Chrm/Necr      #.........   99%         3    ####...
 Spider Form              Tmut/Pois      #.........   99%         3    ####...
 Static Discharge         Conj/Air       #.......     99%         3    ####...
 Summon Guardian Golem    Hex/Summ       #.......     99%         3    ####...
 Tukima's Dance           Hex            #.......     99%         3    ####...
 Airstrike                Air            #.........   100%        4    #####..
 Animate Dead             Necr           N/A          100%        4    #####..
 Cause Fear               Hex            #.........   100%        4    #####..
 Ice Form                 Ice/Tmut       #.......     100%        4    #####..
 Leda's Liquefaction      Hex/Erth       #.........   100%        4    #####..
 Petrify                  Tmut/Erth      #.......     100%        4    #####..
 Summon Ice Beast         Ice/Summ       #.......     100%        4    #####..
 Alistair's Intoxication  Tmut/Pois      #.......     100%        5    ######.
 Aura of Abjuration       Summ           #.........   100%        5    ######.
 Borgnjor's Vile Clutch   Necr/Erth      #.........   100%        5    ######.
 Fireball                 Conj/Fire      #.........   100%        5    ######.
 Irradiate                Conj/Tmut      #.........   100%        5    ######.
 Lightning Bolt           Conj/Air       #.........   100%        5    ######.
 Silence                  Hex/Air        #.........   100%        5    ######.
 Summon Mana Viper        Hex/Summ       #.......     100%        5    ######.
 Yara's Violent Unravell  Hex/Tmut       #.........   100%        5    ######.
 Bolt of Fire             Conj/Fire      #.........   100%        6    #######
 Death Channel            Necr           #.........   100%        6    #######
 Deflect Missiles         Chrm/Air       #.........   100%        6    #######
 Freezing Cloud           Conj/Ice/Air   #.........   100%        6    #######
 Hydra Form               Tmut           #.........   100%        6    #######
 Invisibility             Hex            #.......     100%        6    #######
 Iron Shot                Conj/Erth      #.........   100%        6    #######
 Simulacrum               Ice/Necr       #.........   100%        6    #######
 Statue Form              Tmut/Erth      #........    100%        6    #######
 Dragon Form              Tmut           #.........   100%        7    #######
 Ring of Flames           Chrm/Fire      #.........   100%        7    #######
 Summon Hydra             Summ           #.........   100%        7    #######
 Discord                  Hex            #.........   100%        8    #######
 Ignition                 Fire           #.........   100%        8    #######


Dungeon Overview and Level Annotations

Branches:
Dungeon (15/15)            Temple (1/1) D:4            Lair (6/6) D:11
 Shoals (4/4) Lair:3       Spider (4/4) Lair:4        Slime (0/5) Lair:5
    Orc (2/2) D:9             Elf (1/3) Orc:2        Vaults (4/5) D:13
  Crypt (0/3) Vaults:3     Depths (0/5) D:15          Sewer (visited)
  IceCv (visited)         Volcano (visited)         Desolation (visited)

Altars:
Ashenzari
Cheibriados
Dithmenos
Elyvilon
Fedhas
Gozag
Hepliaklqana
Kikubaaqudgha
Makhleb
Nemelex Xobeh
Okawaru
Qazlal
Ru
Sif Muna
Trog
Uskayaw
Vehumet
Wu Jian
Xom
Yredelemnul
Zin
The Shining One
Beogh
Jiyva

Shops:
D:5 !   Orc:2 !=*:!   Vaults:1 (   Vaults:3 %!

Annotations:
Orc:1 Urug


Innate Abilities, Weirdness & Mutations

You can walk on water.
You are weak. (Str -2)
Your spells are a little easier to cast, but a little less powerful.


Message History

The deep elf sorcerer hits you but does no damage.
The fire elemental hits you. The fire elemental burns you!
You hit the deep elf sorcerer. You freeze the deep elf sorcerer.
The deep elf sorcerer is almost dead.
You closely miss the fire elemental.
You barely miss the deep elf death mage.
The deep elf sorcerer points at you and mumbles some strange words.
The bolt of acid hits you!!!
* * * LOW HITPOINT WARNING * * *
You are splashed with acid!
* * * LOW HITPOINT WARNING * * *
The bolt of acid hits Urtork!
Urtork is splashed with acid!
You block the deep elf death mage's attack.
The fire elemental misses you.
You feel much better.
The deep elf sorcerer gestures at you while chanting.
The bolt of acid hits you!!
* * * LOW HITPOINT WARNING * * *
You are splashed with acid!
You die...

#.## # #...$...#...
#..##### #.......#..
#....oo #...?...#.
##..o.. #........##
##.... #.......#.##
##>#### ###....°..#..##
##.###..
#.....Eee.#...###.####.#
#.....)@o......#.....#.#
#......o..####..#.##.#.#
####...#.###.......#.#.#
.......#.o.........#....
###....#####.#.###.#.###
#...# #.#.....).# # ####
#.....)...###
#..#.##..#...
#..o.....####


You could see a deep elf death mage, a deep elf sorcerer, a fire elemental, the
friendly Urtork the orc warlord, the friendly Zorug the orc warlord and a
friendly orc warrior.

Vanquished Creatures
  Jory (Vaults:3)
  2 liches (Vaults:4)
  Asterion (Vaults:3)
  2 titans
  A kraken (Shoals:2)
  Polyphemus (Shoals:2)
  Gastronok (D:9)
  Frances (Spider:2)
  Kirke (D:13)
  A deep elf sorcerer (Elf:1)
  2 fire giants
  2 imperial myrmidons (Desolation)
  2 vault wardens
  5 emperor scorpions
  The ghost of EtherCrawl the Bringer of Law, a journeyman FoFi of Zin (Lair:2)
  8 ironheart preservers
  2 war gargoyles (Vaults:4)
  3 very ugly things
  2 deep elf demonologists (Elf:1)
  Nessos (D:12)
  2 stone giants
  3 entropy weavers
  2 spark wasps
  2 halazid warlocks (Desolation)
  Snorg (D:11)
  4 merfolk javelineers
  3 merfolk impalers
  2 ettins
  3 yaktaur captains
  A crystal guardian (Vaults:4)
  Josephine (D:14)
  4 ragged hierophants
  Fannar (Lair:3)
  A fire dragon (D:15)
  A hydra (D:15)
  A great orb of eyes (Vaults:4)
  8 servants of whispers (Desolation)
  A rakshasa (D:14)
  An ice dragon (Vaults:4)
  4 vault guards (D:13)
  3 peacekeepers (Desolation)
  A merfolk avatar (Shoals:4)
  3 catoblepae
  4 centaur warriors
  2 alligator snapping turtles
  3 merfolk aquamancers (Shoals:1)
  A death knight (Vaults:3)
  A deep troll shaman (Vaults:3)
  4 ogre magi
  27 two-headed ogres
  A tengu warrior (D:13)
  2 deep troll earth magi
  15 death yaks
  2 orc high priests (Orc:2)
  Sonja (Orc:1)
  Nergalle (D:10)
  2 deep elf knights (Elf:1)
  6 skeletal warriors
  A flayed ghost (Vaults:4)
  3 shadow wraiths
  3 glowing orange brains
  7 sea snakes
  7 deep trolls
  An unseen horror (shapeshifter) (Vaults:4)
  4 unseen horrors
  6 orc knights
  5 wizards
  A lindwurm (Lair:5)
  An anaconda skeleton (Volcano)
  13 harpies
  7 ironbrand convokers
  4 deep elf archers
  16 ugly things
  2 necromancers (Vaults:4)
  7 orb spiders
  2 oklob plants
  4 fauns
  12 wolf spiders
  3 orc sorcerers (Orc:2)
  17 deep elf magi
  12 manticores
  A tengu skeleton (Vaults:3)
  2 wolf spider zombies
  7 cyclopes
  A moth of wrath (shapeshifter) (Vaults:3)
  Maurice (D:9)
  3 merfolk sirens
  2 vault sentinels
  2 guardian serpents (Desolation)
  A centaur zombie (D:15)
  A frost giant skeleton (Vaults:3)
  A black mamba (Lair:6)
  3 elephants
  5 ice statues (IceCv)
  A stone giant skeleton (Vaults:3)
  2 moths of wrath
  7 spiny frogs
  3 centaur skeletons
  A torpor snail (Lair:5)
  11 water nymphs
  4 gargoyles
  3 komodo dragons
  2 rime drakes
  A human skeleton (Vaults:3)
  2 komodo dragons (shapeshifter)
  18 yaktaurs
  A tengu conjurer (D:13)
  5 kobold demonologists
  2 golden dragon simulacra (IceCv)
  2 freezing wraiths (Vaults:3)
  3 anaconda simulacra (IceCv)
  5 jumping spiders
  4 demonic crawlers
  A polar bear (shapeshifter) (D:15)
  A queen bee (Lair:3)
  18 merfolk
  A meliai (shapeshifter) (Vaults:1)
  4 trolls
  11 hippogriffs
  41 saltlings
  3 hornets
  23 slime creatures
  A harpy skeleton (Volcano)
  12 blink frogs
  15 dream sheep
  2 ettin skeletons (Vaults:3)
  3 flying skulls (Volcano)
  12 water elementals
  2 shadows
  6 snapping turtles
  A spriggan (shapeshifter) (Vaults:3)
  39 yaks
  6 tarantellas
  22 redbacks
  7 humans (D:13)
  2 dire elephant simulacra (IceCv)
  3 hogs
  3 wraiths
  2 wyverns
  3 basilisks (Lair:3)
  A hungry ghost (D:8)
  A steam dragon (Lair:3)
  4 vampire mosquitoes (D:15)
  A human simulacrum (Vaults:3)
  Grum (D:8)
  A neqoxec (D:10)
  A warg (Orc:1)
  An acid dragon (Vaults:1)
  A harpy simulacrum (IceCv)
  7 water moccasins
  6 soldier ants
  6 porcupines
  A hornet zombie (D:9)
  22 orc warriors
  5 sky beasts
  Purgy (Sewer)
  10 ice beasts
  4 black bears
  An eye of draining (D:10)
  An ettin simulacrum (IceCv)
  17 ogres
  2 phantoms
  7 wolves
  A boggart (Vaults:3)
  23 centaurs
  13 crocodiles
  2 big kobolds
  A gnoll sergeant (D:5)
  11 bullfrogs
  3 scorpions
  An elf simulacrum (Vaults:3)
  28 killer bees
  8 wights
  A spriggan skeleton (Volcano)
  A troll skeleton (Volcano)
  6 howler monkeys
  An electric eel (D:14)
  A vampire bat (D:3)
  A bullfrog zombie (D:12)
  7 crimson imps
  16 orc wizards
  4 gnoll shamans (D:5)
  3 jellies
  A bullfrog skeleton (D:7)
  6 orc priests
  9 hounds
  Crazy Yiuf (D:2)
  Natasha (thrice) (D:4)
  8 iguanas
  A hell rat (Lair:3)
  16 worker ants
  A naga skeleton (Volcano)
  A hound zombie (D:6)
  3 hound skeletons
  A worker ant zombie (D:7)
  9 adders
  39 gnolls
  3 shadow imps
  2 adder skeletons
  6 worms
  4 leopard geckos
  53 orcs
  A ball python (D:7)
  2 bat skeletons (D:3)
  3 bat zombies (D:3)
  5 giant cockroaches
  2 gnoll zombies (D:6)
  10 goblins
  7 hobgoblins
  19 jackals
  3 quokkas
  3 bats
  4 frilled lizards
  22 kobolds
  A leopard gecko skeleton (D:5)
  A quokka skeleton (D:5)
  A quokka zombie (D:5)
  4 rats
  A fungus (Lair:2)
  22 plants
  3 tentacles (Shoals:2)
1169 creatures vanquished.

Vanquished Creatures (collateral kills)
  Bai Suzhen (Spider:4)
  Arachne (Spider:4)
  Jorgrun (Orc:2)
  A kraken (Shoals:2)
  Agnes (D:14)
  2 tengu reavers
  Donald (Vaults:1)
  A storm dragon (Vaults:4)
  A frost giant (Vaults:4)
  3 ghost moths
  6 emperor scorpions
  6 vault wardens
  A deep elf sorcerer (Elf:1)
  4 ironheart preservers
  An orc warlord (Orc:1)
  A ghoul (Vaults:3)
  4 stone giants
  5 entropy weavers
  A spark wasp (Spider:3)
  2 crystal guardians (Desolation)
  An ettin (Vaults:3)
  2 merfolk javelineers (Shoals:4)
  3 yaktaur captains
  3 fire dragons
  6 ragged hierophants (Desolation)
  5 servants of whispers (Desolation)
  5 merfolk impalers
  2 peacekeepers (Desolation)
  2 vault guards (Vaults:3)
  9 hydras
  2 centaur warriors
  A death knight (Vaults:2)
  The ghost of Riock the Basher, a novice MiBe of Trog (D:10)
  13 two-headed ogres
  A merfolk aquamancer (Shoals:2)
  3 satyrs
  A dancing weapon (Lair:2)
  A queen ant (Spider:1)
  5 ogre magi
  An alligator snapping turtle (Shoals:4)
  10 death yaks
  2 deep troll earth magi
  A deep troll shaman (Lair:6)
  An orc high priest (Orc:2)
  Urug (Orc:1)
  4 deep elf knights
  2 skeletal warriors (Vaults:3)
  2 glowing orange brains
  6 sea snakes
  A storm dragon skeleton (Vaults:3)
  3 deep trolls
  A lindwurm (Lair:6)
  6 harpies
  2 phantasmal warriors (Vaults:3)
  7 ironbrand convokers
  3 deep elf archers
  5 orc knights
  3 orc sorcerers
  An oklob plant (Lair:3)
  7 orb spiders
  24 wolf spiders
  14 ugly things
  A cyclops (Shoals:1)
  13 deep elf magi (Elf:1)
  7 fauns
  A centaur zombie (D:14)
  A manticore (Shoals:2)
  A moth of wrath (Spider:1)
  A moth of wrath (shapeshifter) (D:15)
  A sphinx skeleton (Vaults:3)
  An elephant (Lair:3)
  3 merfolk sirens
  2 fire giant skeletons (Vaults:3)
  2 black mambas
  2 guardian serpents (Desolation)
  3 vault sentinels
  A water nymph (Shoals:1)
  A storm dragon simulacrum (Vaults:2)
  A centaur skeleton (D:15)
  A kobold demonologist (D:15)
  A rime drake (Lair:3)
  5 spiny frogs
  6 komodo dragons
  5 demonic crawlers
  7 yaktaurs
  A yaktaur skeleton (Vaults:3)
  A human skeleton (Vaults:3)
  A yaktaur (shapeshifter) (Vaults:2)
  10 merfolk
  4 freezing wraiths
  A meliai (shapeshifter) (Vaults:3)
  21 jumping spiders
  2 polar bears (Lair:6)
  3 trolls
  2 hornets (Spider:2)
  A wind drake (Shoals:3)
  15 blink frogs
  3 hippogriffs
  10 slime creatures
  21 saltlings
  6 snapping turtles
  4 dream sheep
  13 tarantellas
  34 redbacks
  2 wraiths (D:14)
  A yak (shapeshifter) (D:10)
  An ettin skeleton (Vaults:3)
  A water elemental (D:14)
  12 yaks
  A wyvern (shapeshifter) (D:10)
  5 wyverns
  3 basilisks (Lair:3)
  A neqoxec (D:10)
  2 wargs
  6 water moccasins
  2 soldier ants (Spider:1)
  2 porcupines
  A sky beast (D:13)
  A black bear (Lair:4)
  11 orc warriors
  An ice beast (D:14)
  12 ogres
  2 wolves
  3 centaurs
  8 crocodiles
  A big kobold (D:15)
  2 bullfrogs
  11 killer bees (Lair:3)
  An electric eel (Spider:2)
  6 orc wizards
  8 orc priests
  6 worker ants (Spider:1)
  2 shadow imps (D:15)
  12 orcs
  3 kobolds
  A bush (Lair:2)
  32 fungi
  41 plants
  3 tentacles (Shoals:2)
644 creatures vanquished.

Vanquished Creatures (others)
  An orc warlord (Shoals:4)
  3 yaktaur captains (Vaults:3)
  A merfolk aquamancer (Shoals:4)
  3 centaur warriors (Vaults:3)
  An orc sorcerer (Orc:2)
  2 satyrs
  3 orc high priests
  A deep troll (Vaults:2)
  15 orc knights
  3 fauns
  2 cyclopes
  12 orc priests
  A water nymph (Shoals:1)
  4 yaktaurs
  2 merfolk
  A shadow (D:13)
  A hog (D:13)
  2 humans (D:13)
  13 orc warriors
  A phantom (D:9)
  8 centaurs
  8 orc wizards
  38 orcs
  A kobold (D:13)
  A bush (Lair:6)
  5 fungi
  23 plants
  7 tentacles (Shoals:2)
163 creatures vanquished.

Grand Total: 1976 creatures vanquished

Notes
Turn   | Place    | Note
-------+----------+-------------------------------------------
     0 | D:1      | Requin the Hill Orc Fighter began the quest for the Orb.
     0 | D:1      | Reached XP level 1. HP: 19/19 MP: 1/1
   162 | D:1      | Reached XP level 2. HP: 26/26 MP: 2/2
   505 | D:1      | Reached XP level 3. HP: 25/31 MP: 3/3
  1063 | D:2      | Reached skill level 4 in Shields
  1067 | D:2      | Reached XP level 4. HP: 39/39 MP: 4/4
  1149 | D:2      | Found a faded altar of an unknown god.
  1376 | D:2      | Found a runed translucent door.
  1377 | D:2      | Noticed Crazy Yiuf
  1383 | D:2      | Killed Crazy Yiuf
  1383 | D:2      | Reached skill level 5 in Axes
  1986 | D:3      | Found a glowing drain.
  2018 | Sewer    | Entered a sewer
  2172 | Sewer    | Noticed Purgy
  2184 | Sewer    | Killed Purgy
  2184 | Sewer    | Reached XP level 5. HP: 45/45 MP: 5/5
  2374 | D:3      | Reached XP level 6. HP: 46/51 MP: 6/6
  2860 | D:3      | Found an ancient bone altar of Kikubaaqudgha.
  2880 | D:3      | Reached skill level 5 in Shields
  3128 | D:4      | Noticed Natasha
  3135 | D:4      | Killed Natasha
  3163 | D:4      | Reached XP level 7. HP: 57/57 MP: 7/7
  3349 | D:4      | Found a snail-covered altar of Cheibriados.
  3370 | D:4      | Found a staircase to the Ecumenical Temple.
  3379 | Temple   | Entered the Ecumenical Temple
  3618 | D:4      | Noticed Natasha
  3626 | D:4      | Killed Natasha
  3797 | D:5      | Entered Level 5 of the Dungeon
  3906 | D:5      | Found Qulito Byix's Distillery.
  3919 | D:5      | Bought a potion of heal wounds for 60 gold pieces
  4015 | D:5      | Reached skill level 6 in Shields
  4049 | D:5      | Noticed a hippogriff
  4107 | D:4      | Noticed Natasha
  4117 | D:4      | Killed Natasha
  4873 | D:5      | Noticed a hippogriff
  4881 | D:5      | Killed a hippogriff
  4881 | D:5      | Reached skill level 10 in Axes
  4881 | D:5      | Reached XP level 8. HP: 47/64 MP: 8/8
  4947 | D:5      | Found an iron altar of Okawaru.
  4947 | D:5      | Found a hazy altar of Hepliaklqana.
  4961 | D:5      | Found a white marble altar of Elyvilon.
  5283 | D:5      | Reached skill level 7 in Shields
  5493 | D:5      | Noticed a wyvern
  6191 | D:6      | Reached XP level 9. HP: 53/70 MP: 9/9
  6327 | D:6      | Found a burning altar of Makhleb.
  6363 | D:6      | Reached skill level 8 in Shields
  6620 | D:6      | Found a basalt altar of Yredelemnul.
  7753 | D:7      | Identified the Papyrus of Transmutation and the Blaze
  7822 | D:7      | Reached skill level 9 in Shields
  8106 | D:7      | Found a burning altar of Makhleb.
  8120 | D:7      | Noticed a +0 hand axe
  8120 | D:7      | Noticed a +0 dagger
  8125 | D:7      | Found a hide-covered altar of Uskayaw.
  8136 | D:7      | Reached XP level 10. HP: 67/77 MP: 10/10
  8195 | D:7      | Found a sacrificial altar of Ru.
  8376 | D:8      | Noticed Grum
  8398 | D:8      | Killed Grum
  8817 | D:8      | Found a radiant altar of Vehumet.
  8972 | D:8      | Reached skill level 15 in Axes
  9203 | D:8      | Reached skill level 10 in Shields
  9283 | D:8      | Found a shadowy altar of Dithmenos.
  9348 | D:8      | Found a bloodstained altar of Trog.
  9466 | D:9      | Found a sacrificial altar of Ru.
  9862 | D:9      | Noticed Gastronok
  9872 | D:9      | Killed Gastronok
  9872 | D:9      | Reached XP level 11. HP: 34/82 MP: 11/11
 10116 | D:9      | Found a staircase to the Orcish Mines.
 10395 | D:9      | Became a worshipper of Beogh the Brigand
 10704 | D:9      | Noticed a two-headed ogre
 10709 | D:9      | Killed a two-headed ogre
 10709 | D:9      | Reached skill level 11 in Shields
 10727 | D:9      | Noticed Maurice
 10971 | D:9      | Killed Maurice
 11222 | D:10     | Entered Level 10 of the Dungeon
 11456 | D:10     | Reached * piety under Beogh
 11478 | D:10     | Noticed a two-headed ogre
 11485 | D:10     | Killed a two-headed ogre
 11617 | D:10     | Found a runed translucent gate.
 11617 | D:10     | Found a runed translucent gate.
 11617 | D:10     | Found a runed translucent gate.
 11928 | D:10     | Reached skill level 12 in Shields
 12104 | D:10     | Noticed Nergalle
 12123 | D:10     | Killed Nergalle
 12353 | D:10     | Reached XP level 12. HP: 90/90 MP: 12/12
 12452 | D:10     | Reached ** piety under Beogh
 12604 | D:11     | Noticed Snorg
 12619 | D:11     | Killed Snorg
 12619 | D:11     | Reached skill level 13 in Shields
 12619 | D:11     | Reached skill level 1 in Evocations
 13292 | D:11     | Noticed a death yak
 13318 | D:11     | Killed a death yak
 13562 | D:11     | Noticed a soul eater
 13794 | D:11     | Reached skill level 5 in Fighting
 13922 | D:11     | Noticed a death yak
 13923 | D:11     | Noticed a death yak
 13934 | D:11     | Noticed a death yak
 13936 | D:11     | Noticed a death yak
 13936 | D:11     | Noticed a death yak
 13936 | D:11     | Noticed a death yak
 13938 | D:11     | Killed a death yak
 13939 | D:11     | Noticed a death yak
 13997 | D:11     | Killed a death yak
 14060 | D:11     | Found a staircase to the Lair.
 14288 | D:11     | Reached skill level 5 in Armour
 15266 | D:12     | Reached skill level 14 in Shields
 15338 | D:12     | Noticed a two-headed ogre
 15351 | D:12     | Killed a two-headed ogre
 15421 | D:12     | Noticed Nessos
 15766 | D:12     | Reached *** piety under Beogh
 15787 | D:12     | Reached XP level 13. HP: 103/103 MP: 16/16
 15819 | D:12     | Killed Nessos
 16080 | D:12     | Found a sacrificial altar of Ru.
 16123 | D:12     | Reached skill level 5 in Evocations
 16194 | D:12     | Was placed under penance by Beogh
 16633 | D:13     | Noticed Kirke
 16640 | D:13     | Noticed a sphinx
 16737 | D:13     | Reached skill level 15 in Shields
 16797 | D:13     | Paralysed by a hornet for 3 turns
 17018 | D:13     | Reached skill level 1 in Invocations
 17026 | D:13     | Was forgiven by Beogh
 17132 | D:13     | You fall into a shaft and drop 2 floors!
 17132 | D:15     | Entered Level 15 of the Dungeon
 17399 | D:15     | Noticed a fire dragon
 17405 | D:15     | Killed a fire dragon
 17419 | D:15     | Gained Norbak as an ally
 17665 | D:15     | Reached **** piety under Beogh
 17758 | D:15     | Identified 2 scrolls of acquirement
 18041 | D:14     | Reached XP level 14. HP: 118/118 MP: 18/18
 18077 | D:14     | Reached skill level 5 in Invocations
 18097 | D:14     | Noticed Agnes
 18116 | D:14     | Your ally Norbak died
 18116 | D:14     | Killed Agnes
 18379 | D:13     | Killed Kirke
 18671 | D:13     | Found a gate to the Vaults.
 19171 | Orc:1    | Entered Level 1 of the Orcish Mines
 19171 | Orc:1    | Noticed Sonja
 19182 | Orc:1    | Killed Sonja
 19305 | Orc:1    | Noticed an orc warlord
 19314 | Orc:1    | Killed an orc warlord
 19361 | Orc:1    | Noticed Urug
 19376 | Orc:1    | Your ally died
 19797 | Orc:2    | Entered Level 2 of the Orcish Mines
 19797 | Orc:2    | Found a staircase to the Elven Halls.
 19809 | Orc:2    | Reached skill level 10 in Fighting
 20096 | Orc:2    | Found a roughly hewn altar of Beogh.
 20163 | Orc:2    | Found Fivaxten's Distillery.
 20167 | Orc:2    | Bought a potion of heal wounds for 75 gold pieces
 20167 | Orc:2    | Bought a potion of heal wounds for 75 gold pieces
 20167 | Orc:2    | Bought a potion of cancellation for 120 gold pieces
 20188 | Orc:2    | Noticed Jorgrun
 20198 | Orc:2    | Killed Jorgrun
 20266 | Orc:2    | Found a radiant altar of Vehumet.
 20351 | Orc:2    | Paralysed by an orc sorcerer for 6 turns
 20368 | Orc:2    | Reached skill level 16 in Shields
 20368 | Orc:2    | Reached ***** piety under Beogh
 20371 | Orc:2    | Found Oweguh's Book Boutique.
 20371 | Orc:2    | Found Devips's Distillery.
 20379 | Orc:2    | Found Paumm's General Store.
 20379 | Orc:2    | Found Liegro's Jewellery Shoppe.
 20619 | Orc:2    | Bought the ring of Nudez {rElec rF+ Str+5 Stlth-} for 577
                  | gold pieces
 20619 | Orc:2    | Bought an uncursed ring of poison resistance for 240 gold
                  | pieces
 20622 | Orc:2    | Bought a scroll of identify for 30 gold pieces
 20622 | Orc:2    | Bought a scroll of identify for 30 gold pieces
 20622 | Orc:2    | Bought a scroll of identify for 30 gold pieces
 21172 | Lair:1   | Entered Level 1 of the Lair of Beasts
 21271 | Lair:1   | You fall into a shaft and drop 1 floor!
 21357 | Lair:1   | Gained Zorug as an ally
 22049 | D:10     | Got a fine robe
 22946 | Lair:2   | Got a dazzling cloak
 22972 | Lair:2   | Gained Orkwin as an ally
 22991 | Lair:2   | Identified the +3 robe "Cuurac" {rPois rC+} (You found it
                  | on level 10 of the Dungeon)
 22992 | Lair:2   | Identified the cursed -4 cloak of Siot Oteps {rPois rN+
                  | rCorr Str+3} (You found it on level 2 of the Lair of
                  | Beasts)
 23458 | Lair:2   | Found a runed translucent door.
 23458 | Lair:2   | Found a shimmering altar of Xom.
 23458 | Lair:2   | Noticed EtherCrawl's ghost (journeyman FoFi)
 23637 | Lair:2   | Reached skill level 10 in Armour
 23640 | Lair:2   | Reached XP level 15. HP: 115/128 MP: 21/21
 24000 | Lair:3   | Gained Zartorak as an ally
 24099 | Lair:3   | Found a staircase to the Shoals.
 24148 | Lair:3   | Noticed Fannar
 24157 | Lair:3   | Killed Fannar
 24681 | Lair:3   | Reached skill level 17 in Shields
 24694 | Lair:3   | Your ally Orkwin died
 24702 | Lair:3   | Reached ****** piety under Beogh
 25125 | Lair:4   | Found a hole to the Spider Nest.
 25367 | Lair:4   | Found a sacrificial altar of Ru.
 25818 | Lair:5   | Found a dark tunnel.
 25836 | Volcano  | Entered a volcano
 26349 | Lair:5   | Found a viscous altar of Jiyva.
 26365 | Lair:5   | Found a staircase to the Slime Pits.
 26956 | Lair:6   | Entered Level 6 of the Lair of Beasts
 27017 | Lair:6   | Gained Boruk as an ally
 27613 | Lair:6   | Reached skill level 18 in Shields
 27614 | Lair:6   | Reached XP level 16. HP: 140/140 MP: 18/22
 28270 | Spider:1 | Entered Level 1 of the Spider Nest
 28319 | Spider:1 | Gained Urtork as an ally
 28323 | Spider:1 | Your ally Zartorak died
 28948 | Spider:1 | Found a frozen archway.
 28958 | IceCv    | Entered an ice cave
 29538 | IceCv    | Got a clouded granite ring
 29554 | IceCv    | Got a fine iron amulet
 29560 | IceCv    | Identified the ring of Xug Cyh {MR+ Int+7 SInv Stlth+} (You
                  | found it in an ice cave)
 29562 | IceCv    | Identified the amulet "Otsemaor" {Reflect rElec rC- Dex+6
                  | SH+5 SInv} (You found it in an ice cave)
 30013 | Spider:2 | You fall into a shaft and drop 1 floor!
 30038 | Spider:2 | Noticed Frances
 30043 | Spider:2 | Killed Frances
 30043 | Spider:2 | Reached skill level 19 in Shields
 30553 | Spider:3 | Reached XP level 17. HP: 143/150 MP: 22/24
 30710 | Spider:3 | Gained Murdo as an ally
 31252 | Spider:4 | Entered Level 4 of the Spider Nest
 31300 | Spider:4 | Noticed Bai Suzhen
 31316 | Spider:4 | Killed Bai Suzhen
 31328 | Spider:4 | Reached skill level 10 in Invocations
 31331 | Spider:4 | Your ally Murdo died
 31341 | Spider:4 | Your ally Boruk died
 31547 | Spider:4 | Noticed Arachne
 31558 | Spider:4 | Killed Arachne
 31560 | Spider:4 | Gained Garbold as an ally
 31562 | Spider:4 | Your ally Urtork died
 31575 | Spider:4 | Your ally Garbold died
 31578 | Spider:4 | Your ally Zartorak died
 31906 | Spider:4 | Got a gossamer rune of Zot
 32942 | D:14     | Reached skill level 20 in Shields
 32998 | D:14     | Noticed Josephine
 33002 | D:14     | Killed Josephine
 34031 | D:15     | Found a staircase to the Depths.
 34197 | D:10     | Found a runed translucent gate.
 34197 | D:10     | Found a runed translucent gate.
 34202 | D:10     | Noticed Riock's ghost (novice MiBe)
 34203 | D:10     | Found a runed translucent gate.
 34215 | D:10     | Gained mutation: You are weak. (Str -2) [a neqoxec]
 34221 | D:10     | Killed Riock's ghost
 34269 | D:10     | Gained mutation: Your spells are a little easier to cast,
                  | but a little less powerful. [mutagenic glow]
 35185 | Lair:2   | Killed EtherCrawl's ghost
 35703 | Shoals:1 | Entered Level 1 of the Shoals
 35919 | Shoals:1 | Reached XP level 18. HP: 161/161 MP: 26/26
 36001 | Shoals:1 | Noticed a titan
 36027 | Shoals:1 | Killed a titan
 36974 | Shoals:2 | Noticed Polyphemus
 36990 | Shoals:2 | Killed Polyphemus
 36990 | Shoals:2 | Reached skill level 15 in Fighting
 37211 | Shoals:2 | Identified the +0 hand crossbow "Icufe" {velocity, *Corrode
                  | +Fly rElec rN+}
 37638 | Shoals:2 | Found a hazy altar of Hepliaklqana.
 38589 | Shoals:3 | Reached skill level 21 in Shields
 39140 | Shoals:4 | Entered Level 4 of the Shoals
 39371 | Shoals:4 | Got a heavily runed copper ring
 39421 | Shoals:4 | Gained Arbolt as an ally
 39527 | Shoals:4 | Reached XP level 19. HP: 91/171 MP: 28/28
 39689 | Shoals:4 | Identified the ring of Hedonism {*Corrode rF+ Int+4 SInv}
                  | (You found it on level 4 of the Shoals)
 39948 | Shoals:4 | Your ally Arbolt died
 39957 | Shoals:4 | Your ally Urtork died
 40009 | Shoals:4 | Got a barnacled rune of Zot
 40622 | Vaults:1 | Entered Level 1 of the Vaults
 40735 | Vaults:1 | Noticed Donald
 40741 | Vaults:1 | Killed Donald
 41154 | Vaults:1 | Found Jidd's Weapon Emporium.
 41487 | Vaults:1 | Reached skill level 15 in Armour
 41872 | Vaults:2 | Reached skill level 22 in Shields
 42515 | Vaults:2 | Reached XP level 20. HP: 172/182 MP: 30/30
 43276 | Vaults:3 | Noticed Jory
 43286 | Vaults:3 | Killed Jory
 43365 | Vaults:3 | Found the +4 skin of Zhor {Hibernate rC+++ SInv}
 43366 | Vaults:3 | Gained Brandogh as an ally
 43399 | Vaults:3 | Your ally Brandogh died
 43463 | Vaults:3 | Reached skill level 15 in Invocations
 43464 | Vaults:3 | Gained Herok as an ally
 43736 | Vaults:3 | Found Kuxunn's Food Boutique.
 43736 | Vaults:3 | Noticed Asterion
 43756 | Vaults:3 | Killed Asterion
 44119 | Vaults:3 | Found Mevuom's Distillery.
 44319 | Vaults:3 | Found a staircase to the Crypt.
 44340 | Vaults:3 | Reached skill level 23 in Shields
 44402 | Vaults:4 | Found a ruined gateway.
 44425 | Desolati | Entered the Desolation of Salt
 44548 | Desolati | Gained Murdo as an ally
 44936 | Desolati | Reached XP level 21. HP: 148/192 MP: 32/32
 44957 | Desolati | Your ally Murdo died
 45427 | Desolati | Gained Wargath as an ally
 45436 | Desolati | Gained Ugbert as an ally
 45692 | Desolati | Found the +10 large shield of Ignorance {rN+ Int-4}
 45703 | Desolati | Identified the Collected Works on Sinister Magic and Venom
 45706 | Desolati | Got a faintly glowing trident
 45712 | Desolati | Identified the cursed +1 trident of the Ninety-Nine Gods
                  | {holy, +Fly rPois Int+3 Dex-4 SInv} (You found it in the
                  | Desolation of Salt)
 45907 | Desolati | Identified the Guide on the Lucky Rocks
 45918 | Desolati | Got a steaming glass ring
 45919 | Desolati | Identified Sif Muna's Handbook of Freezing Stolen Souls
 45921 | Desolati | Identified the ring "Ysiveguc" {rPois rC+ Int+3 Dex-4
                  | Slay+3} (You found it in the Desolation of Salt)
 46182 | Desolati | Got a bound copper ring
 46184 | Desolati | Got a clouded bronze amulet
 46185 | Desolati | Identified the Handbook of Lightness and Moulding
 46249 | Vaults:4 | Identified the ring of Tysoul {Fire rPois Int+4} (You found
                  | it in the Desolation of Salt)
 46250 | Vaults:4 | Identified the amulet "Forget-Me-Not" {Reflect +Blink +Inv
                  | +Fly rN+ SH+4} (You found it in the Desolation of Salt)
 46307 | Vaults:4 | Your ally Ugbert died
 48338 | Elf:1    | Entered Level 1 of the Elven Halls
 48372 | Elf:1    | Gained Orgrim as an ally
 48552 | Elf:1    | Identified the Incunabulum of Companions
 48608 | Elf:1    | Reached skill level 24 in Shields
 49070 | Elf:1    | Reached XP level 22. HP: 77/202 MP: 27/34
 49072 | Elf:1    | Splashed by a deep elf sorcerer's acid

Levels and vault maps discovered:
D:1:      roderic_crossed_star, layout_loops_ring,
          chequers_serial_rivers_small_3, minmay_tetromino_i2
D:2:      layout_loops_ring, chequers_ecumenical_altar_grove,
          minmay_misc_feat_plants, kennysheep_generic_room_5,
          uniq_crazy_yiuf_cottage
D:3:      layout_loops_ring, kennysheep_vampire_church,
          cheibrodos_sewer_entry_bend
D:4:      layout_basic, lemuel_round_altar, lemuel_temple_firewalk_b,
          hex_medium, nrook_mini_vaults, uniq_natasha
D:5:      lemuel_castle_with_subvaults [lemuel_castle_interior_original],
          layout_gridville, gammafunk_temple_overflow_forgotten, first_ration,
          serial_shops, shop, minivault_4, minmay_manual_maat
D:6:      layout_loops_corners, lemuel_zombie_altar_yredelemnul,
          makhleb_heckhound_becter
D:7:      layout_gridville, lemuel_doored_altar, lemuel_round_altar,
          dancing_weapons_uskayaw
D:8:      layout_rooms, lightli_temple_of_fire, old_standard_altar,
          grunt_dithmenos_smoke_and_mirrors, minmay_misc_feat_rows, uniq_grum
D:9:      layout_long_grid, orc_0_dummy, nicolae_ru_awakened_eye, uniq_maurice,
          uniq_gastronok
D:10:     layout_gridville, ploomutoo_gammafunk_ghost_potion_laboratory,
          uniq_nergalle
D:11:     layout_gridville, dpeg_lair_monsters, uniq_snorg
D:12:     layout_roguey, basic_altar, uniq_nessos
D:13:     layout_roguey, ximxim_vaults_locker_room, uniq_kirke
D:14:     layout_grid_maze, serial_bayou_ford_a, uniq_josephine, uniq_agnes
D:15:     gammafunk_enter_depths_forms, layout_cave_pools,
          minmay_stone_trees_small
Temple:   zaba_magenta_temple
Lair:1:   layout_hall_layers, chequers_serial_rivers_micro_c,
          grunt_megastairs_3, minmay_lair_oklob_chamber
Lair:2:   layout_small_grid, ebering_ghost_xom, serial_bayou_pond_b,
          chequers_serial_rivers_room_a, lemuel_fruit_tree
Lair:3:   regret_index_harrowing_hell_hive, layout_long_grid,
          elwin_shoals_entry_rocks, nzn_random_ring, uniq_fannar
Lair:4:   layout_hall_layers, spider_nest_entry_a, basic_altar
Lair:5:   layout_gridlike, slime_altar_1, nicolae_volcano_entry_vermiform
Lair:6:   grunt_lair_end_beastmaster, layout_layer_cave
Shoals:1: cheibrodos_shoals_gigantism, layout_shoals,
          nicolae_shoals_water_shrine
Shoals:2: layout_shoals, wheals_shoals_ruined_temple, uniq_polyphemus
Shoals:3: layout_shoals
Shoals:4: shoals_end_grunt_garden, layout_shoals
Spider:1: layout_spider_delve, portal_ice_cave_entry_pillars_three,
          minmay_another_anthill
Spider:2: layout_spider_delve, uniq_frances
Spider:3: layout_spider_delve, spiders_nest_hornet_nest
Spider:4: grunt_spider_rune_circles, uniq_arachne, uniq_bai_suzhen
Orc:1:    layout_caves, nicolae_orc_sculptors_studio, uniq_urug, uniq_sonja
Orc:2:    grunt_orc_tribal_feast, layout_caves, basic_altar, serial_shops, shop,
          nicolae_orc_rockfall, mines1_david, uniq_jorgrun
Elf:1:    elf_arrival_001, layout_loops_cross, minmay_elf_demonology
Vaults:1: nicolae_vaults_diagonal_hallway_8, serial_ice_b, grunt_vaults_bifocal,
          v_misc_13, vaults_mumra_hex, layout_vaults_omnicross, serial_shops,
          nicolae_shop_window_shopping, uniq_donald
Vaults:2: vaults_room_hallway, v_alt_pattern_3, nicolae_vaults_three_branches,
          vaults_mumra_lcd, nicolae_vaults_little_squares_1,
          nicolae_vaults_mini_display_case, ontoclasm_vaults_tryst,
          layout_vaults_big_room
Vaults:3: nicolae_vaults_little_ls, v_misc_25,
          dpeg_vaults_pockets_of_resistance, ontoclasm_vaults_ring_square,
          nicolae_vaults_circle_grid_b, nicolae_vaults_angled_halls, v_misc_33,
          minmay_crypt_entry_skeletal_spiral, nicolae_vaults_alarming,
          v_pattern_2, nicolae_vaults_ring_of_whatevers,
          ontoclasm_vaults_decontamination, grunt_vaults_diagonal,
          nicolae_vaults_little_squares_2, grunt_vaults_funnel,
          vaults_room_pools, hangedman_vaults_hat, layout_vaults_omnibox,
          serial_shops, nicolae_shop_waterfront, shop, uniq_asterion, uniq_jory
Vaults:4: dpeg_vaults_monster_row, hangedman_vaults_nodes,
          vaults_mumra_bighexcomb, nicolae_vaults_border_crossing,
          vaults_mumra_chevron_long, ontoclasm_vaults_fault,
          nicolae_vaults_bisected_exclaves, v_misc_19, hangedman_vaults_slice,
          v_misc_25, vaults_dpeg_hooks, layout_vaults_omnigrid,
          portal_desolation_entry_salt

Skill      XL: |  1  2  3  4  5  6  7  8  9 10 11 12 13 14 15 16 17 18 19 20 21 |
---------------+----------------------------------------------------------------+-----
Axes           | 3 4 6 8 10 11 14 16 18 | 18.0
Shields        | 4 5 6 7 9 10 12 14 15 16 18 19 20 21 22 23 24 | 24.0
Fighting       | 6 9 10 12 13 14 15 16 17 18 | 18.2
Evocations     | 4 6 8 9 |  9.2
Armour         | 6 8 10 11 12 13 14 15 16 | 16.9
Invocations    | 4 5 6 9 11 12 14 15 16 | 16.6

Action                   |  1- 3 |  4- 6 |  7- 9 | 10-12 | 13-15 | 16-18 | 19-21 | 22-24 || total
-------------------------+-------+-------+-------+-------+-------+-------+-------+-------++-------
Melee: War axe           |    17 |       |       |       |       |       |       |       ||    17
       Whip              |    91 |   163 |   738 |   282 |     9 |       |       |       ||  1283
       Broad axe         |       |       |       |   553 |   951 |   947 |   881 |     1 ||  3333
       Unarmed           |       |       |       |       |     9 |       |       |       ||     9
Throw: Stone             |     5 |    22 |       |       |       |       |       |       ||    27
       Boomerang         |       |     7 |    43 |    58 |    30 |       |       |       ||   138
       Javelin           |       |       |       |       |     5 |    16 |    12 |       ||    33
Invok: Convert to Beogh  |       |       |       |     1 |       |       |       |       ||     1
       Smiting           |       |       |       |       |    12 |    15 |    10 |       ||    37
       Recall Orcish Fol |       |       |       |       |     9 |    15 |     7 |       ||    31
       Give Item to Name |       |       |       |       |     3 |     1 |     5 |       ||     9
       Resurrection      |       |       |       |       |       |     2 |     3 |       ||     5
 Abil: Evoke Blink       |       |       |       |       |       |       |     1 |       ||     1
Evoke: Wand              |       |       |       |    23 |    55 |    56 |    46 |       ||   180
       Lamp of fire      |       |       |       |       |     1 |       |       |       ||     1
       Lightning rod     |       |       |       |       |       |    10 |     8 |       ||    18
  Use: Potion            |     1 |     1 |     4 |     2 |     2 |     2 |       |     1 ||    13
       Scroll            |       |     8 |     1 |     7 |    28 |     9 |    14 |       ||    67
 Stab: Paralysed         |       |       |       |     6 |    12 |     1 |     7 |       ||    26
       Petrified         |       |       |       |       |     4 |       |       |       ||     4
       Petrifying        |       |       |       |       |     2 |       |       |       ||     2
       Distracted        |       |       |       |       |     8 |     5 |     9 |       ||    22
  Eat: Chunk             |     1 |     3 |    17 |    17 |    21 |    21 |    27 |       ||   107
       Ration            |       |     1 |       |     3 |     5 |     5 |     1 |       ||    15
Armor: Scale mail        |    40 |    20 |       |       |       |       |       |       ||    60
       Chain mail        |       |    40 |   220 |   182 |    14 |       |       |       ||   456
       Plate armour      |       |       |       |       |   257 |   302 |   161 |     1 ||   721
Dodge: Dodged            |    33 |    40 |   189 |   172 |   139 |    97 |    71 |     1 ||   742
       Deflected         |       |       |     7 |    17 |    11 |    16 |    13 |       ||    64
Block: Shield            |    52 |    76 |   456 |   498 |   183 |       |       |       ||  1265
       Large shield      |       |       |       |       |   667 |  1353 |  1148 |     1 ||  3169
       Reflection        |       |       |       |       |     4 |   100 |   152 |       ||   256
